 Dungeon Crawl Stone Soup version 0.29.0 (webtiles) character file.

Game seed: 4796017869857490689

249 Dorkslayer the Trooper (level 6, -2/47 HPs)
             Began as a Djinni Fighter on Sept 16, 2022.
             Was an Initiate of Gozag.
             Splashed by a jelly's acid (10 damage)
             ... on level 4 of the Dungeon.
             The game lasted 00:07:43 (3058 turns).

Dorkslayer the Trooper (Djinni Fighter)             Turns: 3058, Time: 00:07:44

Health: -2/47      AC:  2    Str: 17    XL:     6   Next: 35%
Gold:   179        EV:  4    Int: 10    God:    Gozag SH:  8 Dex: 12

rFire   + + .      SeeInvis .   r - +2 falchion (protect)
rCold   x . .      Faith    .   e - +0 kite shield {rN+}
rNeg    + . .      Spirit   .   o - +0 plate armour
rPois   ∞          Reflect  .   d - +2 helmet
rElec   .          Harm     .   (no cloak)
rCorr   .          Rampage  .   (no gloves)
Will    .....                   (boots unavailable)
Stlth   ..........              (no amulet)
HPRegen 0.15/turn               (no ring)
MPRegen 0.00/turn               (no ring)

@: corroded, flying
A: sickness immunity, fire resistance 2, cold vulnerability 1, float, innate
caster, HP casting, extra vitality 1
a: Renounce Religion, Potion Petition, Call Merchant, Bribe Branch


You were on level 4 of the Dungeon.
You worshipped Gozag.
Gozag was aware of your devotion.
You visited 1 branch of the dungeon, and saw 4 of its levels.

You collected 213 gold pieces.
You paid 34 gold pieces to Gozag.

Inventory:

Hand Weapons
 a - a +0 long sword
 r - a +2 falchion of protection (weapon)
Missiles
 b - 4 boomerangs (quivered)
 j - 7 poisoned darts
Armour
 d - a +2 helmet (worn)
 e - a +0 kite shield of positive energy (worn)
 o - a +0 plate armour (worn)
Wands
 n - a wand of flame (20)
Scrolls
 k - a scroll of enchant weapon {unknown}
 m - a scroll of magic mapping {unknown}
 p - a scroll of blinking {unknown}
Potions
 c - a potion of ambrosia {unknown}
 f - 2 potions of heal wounds {unknown}
 g - 4 potions of curing
 h - 4 potions of flight
 i - a potion of might
 l - a potion of degeneration {unknown}
 s - a potion of invisibility {unknown}


   Skills:
 * Level 4.0 Fighting
 + Level 3.3 Long Blades
 + Level 3.4 Armour
 * Level 2.0 Dodging
 + Level 0.2 Stealth
 + Level 3.3 Shields
 - Level 1.4 Spellcasting
 * Level 0.7 Evocations


You had 4 spell levels left.
You knew the following spells:

 Your Spells              Type           Power      Damage    Failure   Level
a - Sting                 Tmut/Pois      12%        1d3       100%        1
b - Wereblood             Tmut           3%         N/A       100%        2
Your spell library was empty.


Dungeon Overview and Level Annotations

Branches:
Dungeon (4/15)
 Temple: D:4-7

Altars:
Gozag

Shops:
D:2 [(


Innate Abilities, Weirdness & Mutations

You are immune to sickness and miasma.
You are immune to poison.
Your flesh is very heat resistant. (rF++)
You are vulnerable to cold. (rC-)
You float through the air rather than walking.
You learn spells naturally, not from books.
Your magical power is your life essence.
You have superior vitality. (+4 MHP)


Message History

You hit the jelly.
Your hands burn!
The jelly is lightly wounded.
You block the jelly's attack.
You hit the jelly.
Your hands burn!
The jelly is moderately wounded.
The jelly hits you but does no damage. x2
You hit the jelly. The acid corrodes you!
Your hands burn!
The jelly is moderately wounded.
You block the jelly's attack.
You hit the jelly. The acid corrodes you!
Your hands burn!
The jelly is moderately wounded.
The jelly barely misses you.
You barely miss the jelly.
The jelly is moderately wounded.
The jelly hits you but does no damage. The jelly barely misses you.
You hit the jelly but do no damage. The acid corrodes you!
Your hands burn!
The jelly is moderately wounded.
The jelly hits you but does no damage.
You hit the jelly.
Your hands burn!
The jelly is heavily wounded.
The jelly hits you but does no damage.
You hit the jelly but do no damage.
Your hands burn!
The jelly is heavily wounded.
The jelly hits you but does no damage. x2
You hit the jelly but do no damage.
Your hands burn!
The jelly is heavily wounded.
You block the jelly's attack.
You hit the jelly but do no damage.
Your hands burn!
The jelly is heavily wounded.
The jelly hits you.
You are splashed with acid!
* * * LOW HITPOINT WARNING * * *
You barely miss the jelly.
The jelly is heavily wounded.
You block the jelly's attack. The jelly hits you but does no damage.
The jelly attacks as you move away! The jelly hits you.
* * * LOW HITPOINT WARNING * * *
You are splashed with acid!
You die...
Your body crumbles into a pile of gold.

#..............#~≈≈
#...#..........#~~≈
#...#..........##~≈
#...#######.....#~≈
#..>##....#.....#~~
#...##....#.......~
#...##....# .... #~
#...#####'#
#.@.......# .
#.J.......# ...
####.#######....
#..............#
#..............#
#...............
#..............#
#########....###
....#


You could see a jelly.

Vanquished Creatures
  2 scorpions (D:4)
  A jelly (D:4)
  Robin (D:3)
  2 adders
  A dart slug (D:2)
  2 orcs (D:3)
  4 endoplasms
  4 giant cockroaches
  16 goblins
  9 hobgoblins
  4 kobolds
  4 quokkas
  3 ball pythons (D:1)
  10 bats
  4 rats
67 creatures vanquished.

Vanquished Creatures (others)
  31 plants (D:2)
31 creatures vanquished.

Grand Total: 98 creatures vanquished

Notes
Turn   | Place    | Note
-------+----------+-------------------------------------------
     0 | D:1      | Dorkslayer the Djinni Fighter began the quest for the Orb.
     0 | D:1      | Reached XP level 1. HP: 20/20 MP: 0/0
   297 | D:1      | Reached XP level 2. HP: 22/25 MP: 0/0
   508 | D:1      | Reached XP level 3. HP: 29/30 MP: 0/0
   508 | D:1      | Learned a level 1 spell: Sting
   858 | D:2      | Found Opele's Antique Armour Shop.
  1297 | D:2      | Found Peofih's Antique Weapon Emporium.
  1321 | D:2      | Reached skill level 1 in Dodging
  1345 | D:2      | Reached XP level 4. HP: 29/35 MP: 0/0
  1897 | D:3      | Identified the +1 robe of Unreason {rElec rF- MP+9 Dex+2}
  1946 | D:3      | Noticed Robin
  1969 | D:3      | Killed Robin
  1970 | D:3      | Reached skill level 1 in Spellcasting
  2219 | D:3      | Found an opulent altar of Gozag.
  2236 | D:3      | Became a worshipper of Gozag Ym Sagoz the Greedy
  2334 | D:3      | Found a faded altar of an unknown god.
  2344 | D:3      | Reached XP level 5. HP: 33/40 MP: 0/0
  2344 | D:3      | Learned a level 2 spell: Wereblood
  2676 | D:4      | Identified a scroll of acquirement
  2676 | D:4      | Acquired a +0 kite shield of positive energy
  2726 | D:4      | Reached XP level 6. HP: 31/47 MP: 0/0
  3011 | D:4      | Reached skill level 4 in Fighting
  3058 | D:4      | Splashed by a jelly's acid

Illustrated notes

Levels and vault maps discovered:
D:1:      lightli_arrival_boilingwater, layout_basic, serial_glass,
          glass_columns_c, glass_columns_b
D:2:      layout_basic, serial_shops, shop, nicolae_shop_crystal,
          kennysheep_boxes
D:3:      layout_loops_cross, vehumet_altar_wand_db, grunt_gozag_breadcrumbs,
          shapermc_ecumenical_altar_starsandcircs, uniq_robin
D:4:      wander_river, layout_gridville

Skill      XL: |  1  2  3  4  5  6 |
---------------+-------------------+-----
Long Blades    | 2 3 |  3.3
Dodging        | 1 2 |  2.0
Spellcasting   | 1 |  1.4
Fighting       | 4 |  4.0
Armour         | |  3.4
Stealth        | |  0.2
Shields        | |  3.3
Evocations     | |  0.7

Action                   |  1- 3 |  4- 6 || total
-------------------------+-------+-------++-------
Melee: Long sword        |   112 |    48 ||   160
       Falchion          |       |    75 ||    75
Throw: Boomerang         |       |     3 ||     3
 Cast: Sting             |     1 |       ||     1
  Use: Potion            |       |     1 ||     1
       Scroll            |       |     6 ||     6
 Stab: Distracted        |       |     3 ||     3
Armor: Scale mail        |    82 |     3 ||    85
       Plate armour      |       |    85 ||    85
       Chain mail        |       |     2 ||     2
Dodge: Dodged            |    70 |    26 ||    96
Block: Buckler           |    34 |    18 ||    52
       Kite shield       |       |    19 ||    19
